 Dungeon Crawl Stone Soup version 0.23.2-40-g277498a001 (webtiles) character file.

Game seed: 18195782963987436641

38 Emblim88 the Grave Robber (level 3, -11/24 HPs)
             Began as a Mummy Necromancer on Oct 17, 2019.
             Mangled by an ogre
             ... wielding a cursed -2 giant spiked club
              (26 damage)
             ... on level 2 of the Dungeon.
             The game lasted 00:07:43 (991 turns).

Emblim88 the Grave Robber (Mummy Necromancer)        Turns: 991, Time: 00:07:44

Health: -11/24     AC:  2    Str: 11    XL:     3   Next: 25%
Magic:  1/7        EV: 12    Int: 15    God:
Gold:   48         SH:  0    Dex: 12    Spells: 3/8 levels left

rFire    x . .     SeeInvis .   c - +0 spear
rCold    + . .     Gourm    .   (no shield)
rNeg     + + +     Faith    .   a - +0 robe
rPois    ∞         Spirit   .   (no helmet)
rElec    .         Reflect  .   (no cloak)
rCorr    .         Harm     .   (no gloves)
MR       .....                  (no boots)
Stlth    ++........             (no amulet)
HPRegen  0.08/turn              (no ring)
MPRegen  0.10/turn              (no ring)

@: no status effects
A: no food or potions, fire vulnerability, cold resistance 1, negative energy
resistance 3, torment resistance, unbreathing
a: no special abilities


You were on level 2 of the Dungeon.
You were not hungry.

You visited 1 branch of the dungeon, and saw 2 of its levels.

You collected 48 gold pieces.

Inventory:

Hand Weapons
 b - a +0 short sword
 c - a +0 spear (weapon)
Armour
 a - a +0 robe (worn)
Wands
 e - a wand of clouds (6)
 f - a wand of random effects (20)
Scrolls
 d - a scroll of identify {unknown}


   Skills:
 + Level 1.8 Dodging
 * Level 2.3 Stealth
 + Level 3.1 Spellcasting
 * Level 4.3 Necromancy
 + Level 0.0 Evocations


You had 3 spell levels left.
You knew the following spells:

 Your Spells              Type           Power        Failure   Level  Hunger
a - Pain                  Necr           ###.         3%          1    N/A
b - Animate Skeleton      Necr           N/A          3%          1    N/A
c - Vampiric Draining     Necr           ###.......   10%         3    N/A

Your spell library contained the following spells:

 Spells                   Type           Power        Failure   Level  Hunger
 Animate Dead             Necr           N/A          32%         4    N/A
 Regeneration             Chrm/Necr      Unusable     N/A         3    N/A

Dungeon Overview and Level Annotations

Branches:
Dungeon (2/15)

Altars:
Ashenzari
Ru


Innate Abilities, Weirdness & Mutations

You do not eat or drink.
Your flesh is vulnerable to fire.
You are immune to poison.
Your flesh is cold resistant. (rC+)
You are immune to negative energy. (rN+++)
You are immune to unholy pain and torment.
You can survive without breathing.


Message History

Confirm with . or Enter, or press ? or * to list all spells.
Aiming: Pain (safe; 3% risk of failure)
Press: ? - help, Shift-Dir - straight line, f/p - ogre
Aim: an ogre, wielding a -2 giant spiked club (moderately wounded, chance to defeat MR: 73%)
The ogre writhes in agony.
The ogre closely misses you.
Casting: Pain (safe; 3% risk of failure)
Confirm with . or Enter, or press ? or * to list all spells.
Aiming: Pain (safe; 3% risk of failure)
Press: ? - help, Shift-Dir - straight line, f/p - ogre
Aim: an ogre, wielding a -2 giant spiked club (heavily wounded, chance to defeat MR: 73%)
The ogre struggles to resist.
The ogre closely misses you.
Casting: Pain (safe; 3% risk of failure)
Confirm with . or Enter, or press ? or * to list all spells.
You don't have enough magic to cast that spell.
Unknown command.
There is an escape hatch in the ceiling here.
There is a stone staircase leading up here.
The ogre hits you with a cursed -2 giant spiked club!!
Ouch! That really hurt!
You die...

### ## #.. ..# ##
#.##### #.### .#
#.##.. .$..# .###
##.##.# #.#.#
...####...#.# #.#.#
............####.#.#
...####............#
.)## ##.#.#####@..#
..######.#.# #O..#
...........#####...#
#...#.##.......$...###
###.#)##########.....#
# #.#.##########.....#
# #.#.......†.##..<..#
# #.#########.##.....#
# #.# .##.....#


You could see an ogre.

Vanquished Creatures
  An adder (D:2)
  A leopard gecko (D:1)
  2 giant cockroaches (D:1)
  5 hobgoblins (D:1)
  2 bats (D:1)
  3 goblins (D:1)
  7 kobolds
  6 rats
  A toadstool (D:1)
28 creatures vanquished.

Vanquished Creatures (others)
  3 toadstools (D:1)
3 creatures vanquished.

Grand Total: 31 creatures vanquished

Notes
Turn   | Place    | Note
-------+----------+-------------------------------------------
     0 | D:1      | Emblim88 the Mummy Necromancer began the quest for the Orb.
     0 | D:1      | Reached XP level 1. HP: 13/13 MP: 4/4
   197 | D:1      | Reached XP level 2. HP: 18/19 MP: 2/5
   274 | D:1      | Learned a level 1 spell: Animate Skeleton
   521 | D:1      | You fall through a shaft!
   530 | D:2      | Found a shattered altar of Ashenzari.
   539 | D:2      | Noticed an ogre
   587 | D:2      | Found a sacrificial altar of Ru.
   600 | D:2      | Reached XP level 3. HP: 10/24 MP: 2/7
   910 | D:1      | Learned a level 3 spell: Vampiric Draining
   991 | D:2      | Mangled by an ogre

Skill      XL: |  1  2 |
---------------+-------+-----
Stealth        | 2 |  2.3
Spellcasting   | 3 |  3.1
Dodging        | |  1.8
Necromancy     | |  4.3

Action                   || total
-------------------------++-------
Melee: Unarmed           ||     7
       Short sword       ||     2
       Spear             ||     5
 Cast: Pain              ||    50
Armor: Robe              ||     9
Dodge: Dodged            ||    44
